 Dungeon Crawl Stone Soup version 0.26-a0-707-g31817bcca1 (webtiles) character file.

Game seed: 17270046548015074624

47 Gargoyl the Skirmisher (level 3, -5/35 HPs)
             Began as a Gnoll Abyssal Knight on Oct 27, 2020.
             Was a Follower of Lugonu.
             Slain by Natasha (7 damage)
             ... on level 2 of the Dungeon.
             The game lasted 00:02:05 (1027 turns).

Gargoyl the Skirmisher (Gnoll Abyssal Knight)       Turns: 1027, Time: 00:02:06

Health: -5/35      AC:  2    Str: 14      XL:     3   Next: 70%
Magic:  6/6        EV: 13    Int: 12 (14) God:    Lugonu [*.....]
Gold:   70         SH:  0    Dex: 14 (15) Spells: 3/3 levels left

rFire    . . .     SeeInvis .   a - +1 hand axe
rCold    . . .     Faith    .   (no shield)
rNeg     . . .     Spirit   .   g - +0 robe (curse)
rPois    .         Reflect  .   (no helmet)
rElec    .         Harm     .   (no cloak)
rCorr    .         Rampage  .   (no gloves)
MR       .....                  (no boots)
Stlth    ++........             c - amulet of regeneration
HPRegen  0.51/turn              (no ring)
MPRegen  0.10/turn              (no ring)

@: slowed, very slow
A: distributed training, fangs 1, strong nose
a: Depart the Abyss, Renounce Religion


You were on level 2 of the Dungeon.
You worshipped Lugonu.
Lugonu was aware of your devotion.
You visited 1 branch of the dungeon, and saw 2 of its levels.
You visited the Abyss 1 time.

You collected 70 gold pieces.

Inventory:

Hand Weapons
 a - a +1 hand axe (weapon)
 h - a +1 mace of holy wrath
Armour
 b - a +0 leather armour
 f - a +0 scale mail
 g - a cursed +0 robe (worn)
Jewellery
 c - an amulet of regeneration (around neck)
Scrolls
 d - 2 scrolls of identify


   Skills:
 + Level 6.5 Fighting
 + Level 0.9 Short Blades
 + Level 0.9 Long Blades
 + Level 4.5 Axes
 + Level 0.9 Maces & Flails
 + Level 0.9 Polearms
 + Level 0.9 Staves
 + Level 0.9 Slings
 + Level 0.9 Bows
 + Level 0.9 Crossbows
 + Level 0.9 Throwing
 + Level 4.5 Armour
 + Level 2.6 Dodging
 + Level 0.9 Stealth
 + Level 0.9 Shields
 + Level 0.9 Unarmed Combat
 + Level 0.9 Spellcasting
 + Level 0.6 Conjurations
 + Level 0.6 Hexes
 + Level 0.6 Summonings
 + Level 0.6 Necromancy
 + Level 0.6 Translocations
 + Level 0.6 Transmutations
 + Level 0.6 Fire Magic
 + Level 0.6 Ice Magic
 + Level 0.6 Air Magic
 + Level 0.6 Earth Magic
 + Level 0.6 Poison Magic
 + Level 4.6 Invocations
 + Level 0.9 Evocations


You had 3 spell levels left.
You didn't know any spells.
Your spell library was empty.

Dungeon Overview and Level Annotations

Branches:
Dungeon (2/15)

Altars:

Annotations:
D:2 Natasha


Innate Abilities, Weirdness & Mutations

Your experience applies equally to all skills.
You have very sharp teeth.
Your uncanny sense of smell can sniff out nearby items.


Message History

Natasha is lightly wounded.
You barely miss the shadow imp. Natasha claws you!
* * * LOW HITPOINT WARNING * * *
The shadow imp hits you.
* * * LOW HITPOINT WARNING * * *
Unknown command.
You feel better.
Natasha stares at you and mumbles some strange words.
You feel yourself slow down. The shadow imp hits you.
* * * LOW HITPOINT WARNING * * *
Unknown command.
You hit Natasha.
Natasha is moderately wounded.
You barely miss the shadow imp. Natasha completely misses you.
The shadow imp hits you.
* * * LOW HITPOINT WARNING * * *
Natasha mumbles some strange words.
Natasha shimmers violently.
Natasha claws you!
You die...

####'#.......# ∆
#.#.......###### ..
#.#............# #.
#.##'#####.###.# #.
#.##.......# #.###.
#.
#.############.....
#.#####.# ###'##
.........####
#.#.<...# #....#
.#######.....
#.#.##### #...@#
###### ....# #..5h#
... ..### #...b#
### .. #....# .#
#....# # ∆ ###...
##.. ...∆


You could see Natasha, a shadow imp (summoned) and a bat.

Vanquished Creatures
  An ooze (D:1)
  3 dart slugs (D:1)
  A leopard gecko (D:1)
  A bat (D:1)
  2 giant cockroaches (D:1)
  8 goblins (D:1)
  2 hobgoblins
  4 kobolds (D:1)
  A quokka (D:2)
  11 frilled lizards (D:1)
  2 rats (D:1)
36 creatures vanquished.

Notes
Turn   | Place    | Note
-------+----------+-------------------------------------------
     0 | Abyss:1  | Gargoyl the Gnoll Abyssal Knight began the quest for the
                  | Orb.
     0 | Abyss:1  | Reached XP level 1. HP: 23/23 MP: 3/3
    81 | Abyss:2  | Noticed an iron imp
    82 | Abyss:2  | Noticed a small abomination
    98 | D:1      | Escaped the Abyss
   190 | D:1      | Reached XP level 2. HP: 29/29 MP: 5/5
   229 | D:1      | Reached * piety under Lugonu
   369 | D:1      | Reached XP level 3. HP: 35/35 MP: 6/6
  1017 | D:2      | Noticed Natasha
  1027 | D:2      | Slain by Natasha

Illustrated notes

Levels and vault maps discovered:
D:1:      minmay_arrival_doors, layout_loops_ring, minmay_lizard_pond
D:2:      layout_basic, uniq_natasha

Action                   || total
-------------------------++-------
Melee: Hand axe          ||   110
       Bite              ||    11
       Mace              ||     2
       Punch             ||     1
Invok: Depart the Abyss  ||     1
  Use: Potion            ||     2
       Scroll            ||     2
 Stab: Sleeping          ||     2
Armor: Leather armour    ||    11
       Robe              ||    11
Dodge: Dodged            ||    69

Table legend: (Time is in decaauts)
 A = Elapsed time spent in this place.
 B = Non-inter-level travel time spent in this place.
 C = Inter-level travel time spent in this place.
 D = Time resting spent in this place.
 E = Time spent auto-exploring this place.
 F = Levels seen in this place.
 G = Mean time per level.
                   A        B        C        D        E       F      G
               +--------+--------+--------+--------+--------+-----+--------+
         Total |   1036 |   1018 |     18 |      0 |    654 |   4 |  259.0 |
       Dungeon |    937 |    919 |     18 |      0 |    591 |   2 |  468.5 |
         Abyss |     98 |     98 |      0 |      0 |     63 |   2 |   49.0 |
               +--------+--------+--------+--------+--------+-----+--------+

Top non-repeatable levels by time:
     D:1: 743 daAuts
     D:2: 194 daAuts
 Abyss:2: 59 daAuts
 Abyss:1: 39 daAuts
